 Dungeon Crawl Stone Soup version 0.21-a0-513-gdcb3f5e (webtiles) character file.

41 Gerstahl the Cutter (level 3, 2/29 HPs)
             Began as a Demonspawn Gladiator on Dec 1, 2017.
             Quit the game on level 2 of the Dungeon.
             The game lasted 00:01:53 (883 turns).

Gerstahl the Cutter (Demonspawn Gladiator)           Turns: 883, Time: 00:01:54

Health: 2/29       AC:  3    Str: 14    XL:     3   Next: 32%
Magic:  3/3        EV: 12    Int:  9    God:
Gold:   50         SH:  0    Dex: 15    Spells: 2/2 levels left

rFire    . . .     SeeInvis .   a - +0 rapier
rCold    . . .     Gourm    .   (no shield)
rNeg     . . .     Faith    .   b - +0 leather armour
rPois    .         Spirit   .   (helmet restricted)
rElec    .         Reflect  .   (no cloak)
rCorr    .         Harm     .   (no gloves)
MR       .....                  (no boots)
Stlth    +.........             (no amulet)
HPRegen  0.09/turn              (no ring)
MPRegen  0.08/turn              (no ring)

@: quite poisoned (2 -> 1)
A: hooves 1, horns 1
a: no special abilities


You were on level 2 of the Dungeon.
You were not hungry.

You visited 1 branch of the dungeon, and saw 3 of its levels.

You collected 50 gold pieces.

Inventory:

Hand Weapons
 a - a +0 rapier (weapon)
Missiles
 d - 3 throwing nets (quivered)
Armour
 b - a +0 leather armour (worn)
 c - a +0 helmet
Jewellery
 e - an uncursed ring of protection from magic {unknown}
 g - an uncursed ring of wizardry {unknown}
Scrolls
 h - a scroll of immolation {unknown}
 k - a scroll of blinking {unknown}
Potions
 i - a potion of agility {unknown}
Comestibles
 f - a bread ration
 j - a meat ration
 l - 3 fruits


   Skills:
 + Level 3.0 Fighting
 + Level 3.4 Short Blades
 - Level 1.7 Throwing
 - Level 2.6 Dodging


You had 2 spell levels left.
You didn't know any spells.

Dungeon Overview and Level Annotations

Branches:
Dungeon (3/15)

Altars:


Innate Abilities, Weirdness & Mutations

You have large cloven feet.
You have a pair of small horns on your head.


Message History

You feel sick. The goblin hits you with a club. The kobold closely misses you.
You are too injured to fight recklessly!
You are too injured to fight recklessly!
You are too injured to fight recklessly!
The goblin hits you with a club.
* * * LOW HITPOINT WARNING * * *
The kobold misses you.
You climb downwards. 5 orcs and an orc wizard come into view.
The orc shouts! x2; You hear a shout!
Found a bread ration.
There is a stone staircase leading up here.
The goblin hits you with a club.
* * * LOW HITPOINT WARNING * * *
The kobold completely misses you.
You climb upwards.
* * * LOW HITPOINT WARNING * * *
You feel sick. The adder barely misses you.
There is a stone staircase leading down here.
Are you sure you want to abandon this character and quit the game? (Confirm with "yes".)

.... ... . ..##
.# ###...#..#
#..(.....#
#.........
###K.S....)#
#.).@g......
#.##########
#....# #.##.##
#########...#
#.......#...#
#.....#.#...####
#.....#.#......#
#.....#.#..†...#


You could see an adder, a goblin and a kobold.

Vanquished Creatures
  An adder (D:2)
  A leopard gecko (D:1)
  3 giant cockroaches (D:1)
  5 goblins
  3 hobgoblins
  3 bats
  4 frilled lizards
  6 kobolds
  4 rats (D:1)
30 creatures vanquished.

Notes
Turn   | Place    | Note
-------+----------+-------------------------------------------
     0 | D:1      | Gerstahl the Demonspawn Gladiator began the quest for the Orb.
     0 | D:1      | Reached XP level 1. HP: 16/16 MP: 1/1
    63 | D:1      | Gained mutation: You have a pair of small horns on your head. [demonic ancestry]
    63 | D:1      | Reached XP level 2. HP: 4/23 MP: 2/2
   831 | D:2      | Gained mutation: You have large cloven feet. [demonic ancestry]
   831 | D:2      | Reached XP level 3. HP: 24/28 MP: 3/3
   883 | D:2      | Quit the game

Vault maps used:
D:1:      scummos_arrival_checkerplants
D:2:      minmay_pentomino_x2
D:3:      first_bread

Skill      XL: |  1  2  3 |
---------------+----------+-----
Short Blades   | 3 |  3.4
Fighting       | 3 |  3.0
Throwing       | |  1.7
Dodging        | |  2.6

Action                   || total
-------------------------++-------
Melee: Rapier            ||    60
       Headbutt          ||     7
       Kick              ||     2
Throw: Throwing net      ||     1
 Stab: Sleeping          ||     1
Armor: Leather armour    ||    11
Dodge: Dodged            ||    39

Table legend:
 A = Spawn XP
 B = Non-spawn XP
 C = Spawn XP percentage of total XP
 D = Spawn monster count
 E = Non-spawn monster count
 F = Spawn count percentage of total count
 G = Total turns spent on level
                    A         B        C        D         E        F      G
               +---------+---------+-------+---------+---------+-------+---------
         Total |       0 |      59 |   0.0 |       0 |      30 |   0.0 |   883
               +---------+---------+-------+---------+---------+-------+---------
           D:1 |       0 |      37 |   0.0 |       0 |      24 |   0.0 |   820
           D:2 |       0 |      22 |   0.0 |       0 |       6 |   0.0 |    61
               +---------+---------+-------+---------+---------+-------+---------
